 Dungeon Crawl Stone Soup version 0.31-a0-1321-g5021b54cb2 (webtiles) character file.

Game seed: 4863780455385193966

4514 Curundu the Basher (level 10, -2/88 HPs)
             Began as a Minotaur Berserker on Dec 20, 2023.
             Was a High Priest of Trog.
             Slain by a troll (14 damage)
             ... on level 9 of the Dungeon.
             The game lasted 00:25:25 (7064 turns).

Curundu the Basher (Minotaur Berserker)             Turns: 7064, Time: 00:25:26

Health: -2/88      AC: 19    Str: 26    XL:     10   Next: 16%
Magic:  9/9        EV: 11    Int:  4    God:    Trog [*****.]
Gold:   642        SH:  9    Dex: 10    Spells: 9/9 levels left

rFire   + . .        C - +5 flail (protect)
rCold   + . .        p - +0 kite shield
rNeg    . . .        u - +2 scale mail {rF+}
rPois   .            s - +0 hat
rElec   .            (no cloak)
rCorr   .            M - +0 pair of gloves
SInv    .            f - +0 pair of boots
Will    .....        (no amulet) Stlth
                     y - ring of protection from cold
HPRegen 0.34/turn    (no ring)
MPRegen 0.11/turn

%: no passive effects
@: about to teleport, under a protective aura
A: horns 2, retaliatory headbutt
a: Renounce Religion, Berserk, Trog's Hand, Brothers in Arms


You were on level 9 of the Dungeon.
You worshipped Trog.
Trog was extremely pleased with you.
You visited 1 branch of the dungeon, and saw 9 of its levels.

You collected 670 gold pieces.
You spent 28 gold pieces at shops.

Inventory:

Hand Weapons
 C - a +5 flail of protection (weapon)
 K - a +5 triple sword
Missiles
 B - 4 darts of dispersal
 G - 3 javelins
 J - 4 boomerangs
Armour
 f - a +0 pair of boots (worn)
 p - a +0 kite shield (worn)
 s - a +0 hat (worn)
 u - a +2 scale mail of fire resistance (worn)
 M - a +0 pair of gloves (worn)
Jewellery
 y - a ring of protection from cold (left hand)
 E - a ring of fire
 L - an amulet of magic regeneration
Wands
 d - a wand of polymorph (2)
 m - a wand of mindburst (11)
 F - a wand of flame (20)
Scrolls
 c - 2 scrolls of enchant armour {unknown}
 e - 4 scrolls of vulnerability
 h - 3 scrolls of fear
 k - a scroll of amnesia {unknown}
 n - a scroll of revelation {unknown}
 r - a scroll of brand weapon {unknown}
 t - a scroll of acquirement {unknown}
 A - a scroll of teleportation
 D - 2 scrolls of noise
 H - a scroll of fog
Potions
 a - 2 potions of mutation {unknown}
 b - a potion of heal wounds {unknown}
 g - a potion of degeneration {unknown}
 i - a potion of resistance {unknown}
 j - 4 potions of curing {unknown}
 l - 2 potions of cancellation
 o - a potion of brilliance {unknown}
 q - 3 potions of might {unknown}
 v - a potion of attraction {unknown}
 w - a potion of lignification {unknown}
 x - a potion of ambrosia {unknown}
 z - a potion of magic {unknown}
 I - 2 potions of enlightenment {unknown}


   Skills:
 + Level 8.1 Fighting
 + Level 5.5 Long Blades
 + Level 10.4 Maces & Flails
 + Level 8.0 Armour
 + Level 5.3 Dodging
 + Level 1.0 Stealth
 + Level 6.9 Shields


You had 9 spell levels left.
You didn't know any spells.
Your spell library contained the following spells:

 Spells                   Type           Power      Damage    Failure   Level
 Kiss of Death            Conj/Necr      0%         2d5       91%         1
 Magic Dart               Conj           0%         1d3       91%         1
 Searing Ray              Conj           0%         2d4       97%         2
 Confusing Touch          Hex            0%         N/A       100%        3
 Dispel Undead            Necr           0%         3d6       100%        4
 Fulminant Prism          Conj/Alch      0%         3d5       100%        4
 Chain Lightning          Conj/Air       0%         N/A       100%        9
 Fire Storm               Conj/Fire      0%         5d1       100%        9
 Shatter                  Erth           0%         3d5*      100%        9


Dungeon Overview and Level Annotations

Branches:
Dungeon (9/15)             Temple (0/1) D:6
   Lair: D:8-11         Orc: D:9-12

Altars:
Cheibriados
Gozag
Zin

Shops:
D:1 (   D:8 ?


Innate Abilities, Weirdness & Mutations

You have a pair of horns on your head.
You reflexively headbutt those who attack you in melee.


Message History

The troll is moderately wounded.
The centaur shoots an arrow.
The arrow hits you but does no damage. The troll bites you but does no damage.
The troll claws you but does no damage. x2
The centaur shoots an arrow.
You block the arrow.
You bludgeon the troll!!
The troll is almost dead.
The centaur shoots an arrow.
The arrow hits you but does no damage. The troll barely misses you.
The troll claws you but does no damage. You block the troll's attack.
You closely miss the troll. Your headbutt misses the troll.
The troll is almost dead.
The centaur shoots an arrow.
The arrow hits you! The troll bites you. The troll claws you!
The troll claws you but does no damage.
You hit the troll.
You headbutt the troll, but do no damage.
The troll is almost dead.
The centaur shoots an arrow.
You block the arrow. The troll bites you but does no damage.
The troll claws you.
* * * LOW HITPOINT WARNING * * *
You block the troll's attack.
You hit the troll.
The troll is almost dead.
The centaur shoots an arrow.
The arrow closely misses you. You block the troll's attack.
The troll barely misses you. You block the troll's attack.
The centaur shoots an arrow.
You block the arrow.
You closely miss the troll. Your headbutt misses the troll.
The troll is almost dead.
The centaur shoots an arrow.
The arrow misses you. The troll bites you.
* * * LOW HITPOINT WARNING * * *
The troll claws you but does no damage. x2
It was a potion of cancellation.
You feel magically purged.
The centaur shoots an arrow.
The arrow hits you but does no damage. The troll bites you but does no damage.
The troll claws you!
* * * LOW HITPOINT WARNING * * *
The troll misses you.
The centaur shoots an arrow.
The arrow hits you but does no damage.
As you read the scroll of teleportation, it crumbles to dust.
You feel strangely unstable.
The centaur shoots an arrow.
You block the arrow. The troll bites you!
You die...

.........####..
..≈≈≈....#..#..
...≈......≈.'.
.........~≈.#
........~≈.# .....≈..≈.#
.....≈.T.####
....c≈≈@.~≈≈#
#+####≈#.≈### #≈≈.≈#
##≈≈.# ##+#####
###+#####)## #......###
#.......#.#####......'.#
#......))....##......#.##
#.......####.##......#...
#.....[.# .#...<..###.


You could see a troll and a centaur.

Vanquished Creatures
  A troll (D:9)
  A steam dragon (D:9)
  Menkaure (D:7)
  Edmund (D:4)
  2 acid dragons (D:8)
  A water moccasin (shapeshifter) (D:8)
  5 black bears
  An ice beast (D:8)
  A sky beast (D:7)
  2 orc warriors
  4 ogres
  A centaur (D:8)
  A phantom (D:5)
  A bullfrog (D:7)
  A scorpion (D:6)
  7 wights
  4 jellies
  10 killer bees (D:9)
  3 hounds
  A quasit (D:5)
  A gnoll bouda (D:7)
  2 orc priests
  A sleepcap (D:5)
  10 orc wizards
  4 iguanas
  8 gnolls
  12 adders
  A shadow imp (D:5)
  5 white imps
  5 ufetubi (D:5)
  6 dart slugs
  5 worms
  25 orcs
  5 endoplasms
  4 giant cockroaches
  5 goblins
  8 hobgoblins
  7 jackals
  10 kobolds
  7 quokkas
  8 ball pythons
  12 bats
  8 frilled lizards
  2 rats
210 creatures vanquished.

Vanquished Creatures (collateral kills)
  Jeremiah (D:6)
1 creature vanquished.

Vanquished Creatures (others)
  2 orcs (D:9)
2 creatures vanquished.

Grand Total: 213 creatures vanquished

Notes
Turn   | Place    | Note
-------+----------+-------------------------------------------
     0 | D:1      | Curundu the Minotaur Berserker began the quest for the Orb.
     0 | D:1      | Reached XP level 1. HP: 19/19 MP: 0/0
   235 | D:1      | Found Camop's Antique Weapon Shoppe.
   240 | D:1      | Reached XP level 2. HP: 20/27 MP: 1/1
   634 | D:1      | Reached ** piety under Trog
   644 | D:1      | Reached XP level 3. HP: 17/34 MP: 2/2
  1174 | D:2      | Reached XP level 4. HP: 37/41 MP: 3/3
  1330 | D:2      | Reached skill level 5 in Fighting
  1388 | D:2      | Reached *** piety under Trog
  1469 | D:2      | Reached skill level 5 in Long Blades
  1850 | D:3      | Reached skill level 1 in Shields
  1850 | D:3      | Reached XP level 5. HP: 41/48 MP: 4/4
  2536 | D:4      | Noticed a black bear
  2542 | D:4      | Noticed an ogre
  2546 | D:4      | Killed a black bear
  2547 | D:4      | Reached skill level 1 in Maces & Flails
  2547 | D:4      | Reached XP level 6. HP: 43/56 MP: 5/5
  3119 | D:4      | Reached **** piety under Trog
  3124 | D:4      | Noticed Edmund
  3142 | D:4      | Killed Edmund
  3143 | D:4      | Reached skill level 2 in Maces & Flails
  3143 | D:4      | Reached XP level 7. HP: 12/61 MP: 6/6
  3355 | D:5      | Entered Level 5 of the Dungeon
  3365 | D:5      | Reached skill level 3 in Maces & Flails
  3499 | D:5      | Reached skill level 4 in Maces & Flails
  3564 | D:5      | Reached skill level 5 in Armour
  3712 | D:5      | Reached skill level 5 in Maces & Flails
  3712 | D:5      | Reached XP level 8. HP: 70/70 MP: 7/7
  4206 | D:6      | Found a staircase to the Ecumenical Temple.
  4210 | D:6      | Noticed Jeremiah
  4237 | D:6      | Killed Jeremiah
  4238 | D:6      | Reached skill level 6 in Maces & Flails
  4238 | D:6      | Reached skill level 5 in Shields
  4477 | D:6      | Reached skill level 7 in Maces & Flails
  4531 | D:6      | Found a glowing silver altar of Zin.
  5199 | D:7      | Reached XP level 9. HP: 76/78 MP: 8/8
  5284 | D:7      | Reached skill level 8 in Maces & Flails
  5286 | D:7      | Noticed Menkaure
  5293 | D:7      | Killed Menkaure
  5425 | D:7      | Reached ***** piety under Trog
  5659 | D:7      | Reached skill level 9 in Maces & Flails
  5944 | D:7      | Found an opulent altar of Gozag.
  6017 | D:8      | Found a snail-covered altar of Cheibriados.
  6444 | D:8      | Found Jiyte's Magic Scroll Shop.
  6448 | D:8      | Bought a scroll of identify for 28 gold pieces
  6537 | D:8      | Reached skill level 10 in Maces & Flails
  6721 | D:9      | Reached skill level 5 in Dodging
  6869 | D:9      | Reached XP level 10. HP: 87/88 MP: 9/9
  6881 | D:9      | Received a gift from Trog
  6949 | D:9      | Reached skill level 1 in Stealth
  7064 | D:9      | Slain by a troll

Illustrated notes

Levels and vault maps discovered:
D:1:      dpeg_arrival_simpleton_a, layout_rooms, serial_shops, shop_statue,
          minmay_hexomino_c4
D:2:      layout_loops_ring, minmay_split_cup_large
D:3:      layout_rooms, minmay_crystal_room
D:4:      layout_basic, uniq_edmund
D:5:      layout_basic, serial_demonic, serial_demonic_c, serial_demonic_c,
          serial_demonic_a, serial_demonic_a, serial_demonic_g,
          minmay_checkerbox
D:6:      layout_basic, mainiacjoe_overflow_surrounded_room, temple_statues,
          dk_noncrumbling_2, uniq_jeremiah
D:7:      layout_basic, nicolae_gozag_cash_rules_everything_around_me,
          minmay_splitting_lines, kennysheep_generic_room_15, uniq_menkaure
D:8:      layout_rooms, chei_slow_surprise, serial_shops,
          nicolae_shop_rolled_up, kennysheep_decorative_pillar,
          minmay_microvault
D:9:      layout_roguey, mainiacjoe_overflow_tiny_flanked,
          chequers_serial_rivers_small_b, roadster_trireme

Skill      XL: |  1  2  3  4  5  6  7  8  9 10 |
---------------+-------------------------------+-----
Long Blades    | 4 5 |  5.5
Fighting       | 4 5 6 7 8 |  8.1
Armour         | 3 4 5 6 7 8 |  8.0
Shields        | 1 2 3 4 5 6 |  6.9
Maces & Flails | 1 2 5 7 10 | 10.4
Dodging        | 3 4 5 |  5.3
Stealth        | 1 |  1.0

Action                     |  1- 3 |  4- 6 |  7- 9 | 10-12 || total
---------------------------+-------+-------+-------+-------++-------
  Melee: Falchion          |   123 |    86 |       |       ||   209
         Headbutt          |    18 |    22 |    50 |     7 ||    97
         Punch             |     1 |       |       |       ||     1
         Whip              |       |    64 |       |       ||    64
         Flail             |       |       |   324 |    53 ||   377
 Invoke: Trog's Hand       |       |     1 |       |       ||     1
         Brothers in Arms  |       |       |     1 |       ||     1
    Use: Scroll            |       |       |     7 |     1 ||     8
         Potion            |       |       |       |     1 ||     1
 Armour: Animal skin       |    11 |       |       |       ||    11
         Leather armour    |    42 |       |       |       ||    42
         Scale mail        |    38 |   127 |   234 |    57 ||   456
         Skin              |     1 |       |     7 |       ||     8
  Dodge: Dodged            |    83 |    77 |   157 |    27 ||   344
  Block: Kite shield       |       |    81 |   133 |    40 ||   254

Table legend: (Time is in decaauts)
 A = Elapsed time spent in this place.
 B = Non-inter-level travel time spent in this place.
 C = Inter-level travel time spent in this place.
 D = Time resting spent in this place.
 E = Time spent auto-exploring this place.
 F = Levels seen in this place.
 G = Mean time per level.
                   A        B        C        D        E       F      G
               +--------+--------+--------+--------+--------+-----+--------+
         Total |   7152 |   7152 |      0 |     72 |   5062 |   9 |  794.7 |
       Dungeon |   7152 |   7152 |      0 |     72 |   5062 |   9 |  794.7 |
               +--------+--------+--------+--------+--------+-----+--------+

Top non-repeatable levels by time:
     D:6: 997 daAuts
     D:2: 947 daAuts
     D:4: 915 daAuts
     D:1: 885 daAuts
     D:5: 864 daAuts
     D:7: 809 daAuts
     D:8: 722 daAuts
     D:3: 644 daAuts
     D:9: 364 daAuts
